 Dungeon Crawl Stone Soup version 0.23.1 (webtiles) character file.

Game seed: 9966401734595326794

39466 poirepourri the Eclecticist (level 13, -8/72 HPs)
             Began as a Deep Elf Conjurer on Mar 7, 2019.
             Was a High Priest of Vehumet.
             Mangled by an eight-headed hydra (11 damage)
             ... on level 14 of the Dungeon.
             The game lasted 00:39:47 (20257 turns).

poirepourri the Eclecticist (Deep Elf Conjurer)    Turns: 20257, Time: 00:39:48

Health: -8/72      AC: 13    Str:  8    XL:     13   Next: 69%
Magic:  14/44      EV: 19    Int: 30    God:    Vehumet [*****.]
Gold:   516        SH:  0    Dex: 17    Spells: 8/44 levels left

rFire    . . .     SeeInvis +   a - +0 shortbow "Mynliseh" {venom, rN+ MP+9 Str+3 Stlth+}
rCold    + . .     Gourm    .   (shield currently unavailable)
rNeg     + + .     Faith    .   h - +2 robe {rC+}
rPois    +         Spirit   .   t - +2 helmet
rElec    .         Reflect  .   g - +2 cloak
rCorr    .         Harm     .   z - +2 pair of gloves
MR       ++...     Rnd*Rage +   (no boots)
Stlth    +++.......             d - amulet of Parim {rN+ Regen+ Int+4}
HPRegen  1.02/turn              i - ring of protection from magic
MPRegen  0.29/turn              j - ring of flight

@: very slightly contaminated
A: see invisible, agile 1, berserk 1, poison resistance, regeneration 1
a: Renounce Religion, Evoke Flight


You were on level 14 of the Dungeon.
You worshipped Vehumet.
Vehumet was extremely pleased with you.
You were full.

You visited 3 branches of the dungeon, and saw 16 of its levels.

You collected 1146 gold pieces.
You spent 630 gold pieces at shops.

Inventory:

Hand Weapons
 a - the +0 shortbow "Mynliseh" (weapon) {venom, rN+ MP+9 Str+3 Stlth+}
   (You found it on level 12 of the Dungeon)

   It poisons the ammo it fires.
   It affects your strength (+3).
   It protects you from negative energy.
   It affects your magic capacity (+9).
   It makes you more stealthy.
 b - the +7 rapier of Etif {freeze, rPois rC+ MR-}
   (You found it on level 5 of the Dungeon)

   It has been specially enchanted to freeze those struck by it, causing extra
   injury to most foes and up to half again as much damage against particularly
   susceptible opponents.
   It can also slow down cold-blooded creatures.
   It protects you from cold.
   It protects you from poison.
   It affects your resistance to hostile enchantments.
 m - a +2 dagger of venom
Missiles
 e - 8 javelins
 r - 2 throwing nets
 F - 92 arrows (quivered)
Armour
 g - a +2 cloak (worn)
 h - a +2 robe of cold resistance (worn)
 n - a +3 ring mail of cold resistance
 p - a +1 buckler
 t - a +2 helmet (worn)
 z - a +2 pair of gloves (worn)
Magical Staves
 u - an uncursed staff of poison
Jewellery
 d - the amulet of Parim (around neck) {rN+ Regen+ Int+4}
   (You acquired it on level 13 of the Dungeon)

   [amulet of regeneration]

   It affects your intelligence (+4).
   It protects you from negative energy.
   It increases your rate of regeneration.
 i - a ring of protection from magic (left hand)
 j - a ring of flight (right hand)
 x - an uncursed amulet of magic regeneration
 G - a +3 amulet of reflection
Wands
 l - a wand of flame (39)
 q - a wand of random effects (14)
 v - a wand of paralysis (8)
 y - a wand of iceblast (7)
 A - a wand of digging (4)
Scrolls
 c - 6 scrolls of remove curse
 k - 7 scrolls of magic mapping
 E - 2 scrolls of teleportation
Potions
 f - 4 potions of flight
 s - 6 potions of brilliance
 w - a potion of might
 D - a potion of resistance
Comestibles
 o - 6 rations


   Skills:
 - Level 5.0 Fighting
 - Level 5.0 Bows
 - Level 9.2 Dodging
 - Level 2.4 Stealth
 - Level 5.0 Shields
 - Level 16.0 Spellcasting
 + Level 12.9 Conjurations
 - Level 7.1 Hexes
 - Level 4.1 Translocations
 - Level 7.0 Poison Magic
 - Level 7.3 Evocations


You had 8 spell levels left.
You knew the following spells:

 Your Spells              Type           Power        Failure   Level  Hunger
a - Magic Dart            Conj           ####         0%          1    None
b - Searing Ray           Conj           ######       0%          2    None
c - Dazzling Spray        Conj/Hex       ######       1%          3    None
d - Iskenderun's Mystic   Conj           #######.     1%          4    None
e - Force Lance           Conj/Tloc      ######..     1%          4    None
f - Fulminant Prism       Conj/Hex       ######....   1%          4    None
g - Slow                  Hex            ######..     1%          2    None
h - Cause Fear            Hex            ######....   1%          4    None
i - Blink                 Tloc           N/A          1%          2    None
j - Venom Bolt            Conj/Pois      ######....   1%          5    None
k - Fireball              Conj/Fire      ######....   1%          5    None

Your spell library contained the following spells:

 Spells                   Type           Power        Failure   Level  Hunger
 Corona                   Hex            ######.      1%          1    None
 Conjure Flame            Conj/Fire      ######..     1%          3    None
 Inner Flame              Hex/Fire       #####...     1%          3    None
 Mephitic Cloud           Conj/Pois/Air  ######..     1%          3    None
 Portal Projectile        Hex/Tloc       ######       1%          3    None
 Call Imp                 Summ           ###.....     2%          2    None
 Leda's Liquefaction      Hex/Erth       #####.....   4%          4    None


Dungeon Overview and Level Annotations

Branches:
Dungeon (14/15)            Temple (1/1) D:6            Lair (0/6) D:11
    Orc (1/2) D:12         Vaults (0/5) D:13

Altars:
Ashenzari
Cheibriados
Dithmenos
Elyvilon
Fedhas
Gozag
Hepliaklqana
Kikubaaqudgha
Makhleb
Nemelex Xobeh
Okawaru
Qazlal
Ru
Sif Muna
Trog
Uskayaw
Vehumet
Wu Jian
Xom
Yredelemnul
Zin
The Shining One
Jiyva

Shops:
D:13 *

Annotations:
D:4 3 runed translucent doors, Frank's ghost, amateur OpFi
D:6 2 transporters


Innate Abilities, Weirdness & Mutations

You have supernaturally acute eyesight. (SInv)
You are agile. (Dex +2)
You tend to lose your temper in combat.
Your system is resistant to poisons. (rPois)
Your natural rate of healing is unusually fast.


Message History

The eight-headed hydra completely misses you.
The eight-headed hydra misses you.
The eight-headed hydra closely misses you.
Unknown command.
Casting: Venom Bolt (safe; 1% risk of failure)
Confirm with . or Enter, or press ? or * to list all spells.
Aiming: Venom Bolt (safe; 1% risk of failure)
Press: ? - help, Shift-Dir - straight line, f/p - eight-headed hydra
Aim: an eight-headed hydra (severely wounded, poisoned)
The bolt of poison hits the eight-headed hydra!
The eight-headed hydra looks even sicker.
The eight-headed hydra is almost dead.
The eight-headed hydra bites you!
The eight-headed hydra closely misses you.
The eight-headed hydra bites you!
* * * LOW HITPOINT WARNING * * *
The eight-headed hydra bites you!
* * * LOW HITPOINT WARNING * * *
The eight-headed hydra bites you!
You die...

## ## .. ... .#...
#.#.# .... ..#
#####..# #.D....#
#.##+#
#@####......#...##
#.# ## #####.....#
#.##.## ##.......
#.#...####........
#........+........
#.#...####........
#.##.## #.......
#####.####
##.....# #.......#
##...##


You could see an eight-headed hydra.

Vanquished Creatures
  Frances (D:12)
  A rakshasa (D:14)
  4 vault guards (D:13)
  A hydra (D:12)
  Erica (D:11)
  A centaur warrior (D:14)
  An ogre mage (D:14)
  11 two-headed ogres
  A skeletal warrior (D:12)
  An orc knight (D:13)
  A wolf spider zombie (D:12)
  A deep elf mage (D:13)
  2 cyclopes
  5 ugly things
  A manticore (D:14)
  Psyche (D:12)
  A black mamba (shapeshifter) (D:13)
  Joseph (D:9)
  A centaur zombie (D:13)
  A gargoyle (D:12)
  A komodo dragon (D:11)
  A tengu conjurer (D:13)
  2 trolls (D:13)
  A hornet (D:12)
  A queen bee (D:8)
  4 hippogriffs
  A shadow (D:14)
  A centaur simulacrum (D:14)
  A vampire (D:10)
  2 wyverns (D:13)
  24 yaks
  Grum (D:9)
  3 basilisks
  4 hungry ghosts
  A vampire mosquito (D:13)
  2 soldier ants (D:12)
  2 acid dragons (D:13)
  A water moccasin (D:13)
  5 sky beasts
  13 orc warriors
  9 ice beasts
  3 phantoms
  2 black bears
  A necrophage (D:6)
  A swamp drake (D:11)
  13 ogres
  4 wolves (D:9)
  6 centaurs
  A crocodile (D:11)
  3 big kobolds
  11 bullfrogs
  A wyvern zombie (D:8)
  7 scorpions
  A wyvern skeleton (D:11)
  19 killer bees
  4 wights
  An electric eel (D:12)
  4 howler monkeys
  3 crimson imps
  A bullfrog zombie (D:11)
  A quasit (D:11)
  3 jellies
  12 hounds
  13 orc priests
  2 centaur skeletons
  2 iguanas
  16 orc wizards
  A bullfrog skeleton (D:13)
  Ijyb (D:4)
  Natasha (D:4)
  12 worker ants
  A hound zombie (D:9)
  A mummy (D:5)
  A howler monkey zombie (D:10)
  12 gnolls
  16 adders
  2 howler monkey skeletons
  5 shadow imps
  An adder zombie (D:6)
  An adder skeleton (D:5)
  3 worms
  A dart slug (D:3)
  5 leopard geckos
  74 orcs
  6 bats
  A giant cockroach (D:4)
  13 goblins
  5 hobgoblins
  12 jackals
  19 kobolds
  5 quokkas
  A ball python (D:3)
  4 frilled lizards
  A jackal skeleton (D:7)
  6 rats
464 creatures vanquished.

Vanquished Creatures (others)
  A centaur (D:12)
  15 fulminant prisms
16 creatures vanquished.

Grand Total: 480 creatures vanquished

Notes
Turn   | Place    | Note
-------+----------+-------------------------------------------
     0 | D:1      | poirepourri the Deep Elf Conjurer began the quest for the
                  | Orb.
     0 | D:1      | Reached XP level 1. HP: 10/10 MP: 6/6
   334 | D:1      | Reached skill level 4 in Spellcasting
   334 | D:1      | Reached XP level 2. HP: 15/15 MP: 3/9
   965 | D:2      | Reached XP level 3. HP: 10/19 MP: 4/11
  1104 | D:2      | Learned a level 2 spell: Searing Ray
  1108 | D:2      | Learned a level 3 spell: Dazzling Spray
  1150 | D:2      | Reached skill level 5 in Spellcasting
  1691 | D:2      | Found a snail-covered altar of Cheibriados.
  1694 | D:2      | Found a shattered altar of Ashenzari.
  1694 | D:2      | Found a shimmering altar of Xom.
  1696 | D:2      | Found an opulent altar of Gozag.
  1696 | D:2      | Found a shimmering altar of Xom.
  1696 | D:2      | Found a deep blue altar of Sif Muna.
  1771 | D:2      | Reached skill level 6 in Spellcasting
  1771 | D:2      | Reached XP level 4. HP: 24/24 MP: 8/14
  1783 | D:2      | Learned a level 4 spell: Iskenderun's Mystic Blast
  1788 | D:2      | Learned a level 4 spell: Force Lance
  1959 | D:2      | Found a burning altar of Makhleb.
  1959 | D:2      | Found a radiant altar of Vehumet.
  2064 | D:2      | Became a worshipper of Vehumet
  2211 | D:3      | Found a basalt altar of Yredelemnul.
  2457 | D:3      | Found an iron altar of Okawaru.
  2715 | D:4      | Found a hazy altar of Hepliaklqana.
  2828 | D:4      | Reached skill level 7 in Spellcasting
  2828 | D:4      | Reached XP level 5. HP: 15/28 MP: 1/16
  2926 | D:4      | Found a runed translucent gate.
  2928 | D:4      | Identified the +9 whip of Yredelemnul's Whim {drain, rF+
                  | rC+ rN+}
  2929 | D:4      | Found a runed translucent gate.
  2929 | D:4      | Found a runed translucent gate.
  2929 | D:4      | Noticed Frank's ghost (amateur OpFi)
  3186 | D:4      | Learned a level 4 spell: Fulminant Prism
  3186 | D:4      | Reached * piety under Vehumet
  3186 | D:4      | Offered knowledge of Freeze by Vehumet.
  3204 | D:4      | Reached skill level 8 in Spellcasting
  3305 | D:4      | Noticed an ogre
  3309 | D:4      | Killed an ogre
  3309 | D:4      | Reached skill level 5 in Conjurations
  3309 | D:4      | Reached XP level 6. HP: 32/32 MP: 5/19
  3487 | D:4      | Noticed Natasha
  3492 | D:4      | Killed Natasha
  3983 | D:4      | Reached XP level 7. HP: 36/36 MP: 5/20
  4086 | D:4      | Noticed Ijyb
  4091 | D:4      | Killed Ijyb
  4163 | D:4      | Found a faded altar of an unknown god.
  4163 | D:4      | Found a faded altar of an unknown god.
  4170 | D:4      | Found a glowing silver altar of Zin.
  4172 | D:4      | Found a sacrificial altar of Ru.
  4174 | D:4      | Found a hide-covered altar of Uskayaw.
  4274 | D:5      | Entered Level 5 of the Dungeon
  4435 | D:5      | Found a snail-covered altar of Cheibriados.
  4601 | D:5      | You fall through a shaft for 3 floors!
  4602 | D:8      | Noticed a queen bee
  4650 | D:9      | Noticed a two-headed ogre
  4932 | D:9      | Reached XP level 8. HP: 41/41 MP: 16/22
  4941 | D:9      | Reached ** piety under Vehumet
  5163 | D:9      | Noticed Grum
  5170 | D:9      | Reached skill level 9 in Spellcasting
  5171 | D:9      | Offered knowledge of Shock by Vehumet.
  5212 | D:9      | Killed Grum
  5212 | D:9      | Reached skill level 10 in Spellcasting
  5593 | D:9      | Reached skill level 11 in Spellcasting
  6223 | D:9      | Found an opulent altar of Gozag.
  6595 | D:9      | Reached skill level 12 in Spellcasting
  6670 | D:9      | Learned a level 2 spell: Slow
  6675 | D:9      | Learned a level 4 spell: Cause Fear
  6765 | D:9      | Reached XP level 9. HP: 40/45 MP: 9/27
  6927 | D:9      | Killed a two-headed ogre
  6927 | D:9      | Reached skill level 13 in Spellcasting
  7059 | D:9      | Reached skill level 14 in Spellcasting
  7144 | D:9      | Found a shattered altar of Ashenzari.
  7633 | D:9      | Noticed Joseph
  7645 | D:9      | Gained mutation: You are occasionally teleported next to
                  | monsters. [potion of mutation]
  7645 | D:9      | Gained mutation: You tend to lose your temper in combat.
                  | [potion of mutation]
  7645 | D:9      | Gained mutation: Armour fits poorly on your strangely
                  | shaped body. [potion of mutation]
  7645 | D:9      | Gained mutation: Your system is resistant to poisons.
                  | (rPois) [potion of mutation]
  7651 | D:9      | HP: 2/67 [something (4)]
  7654 | D:9      | Killed Joseph
  7654 | D:9      | Reached skill level 5 in Dodging
  8138 | D:9      | Found a glowing golden altar of the Shining One.
  8185 | D:10     | Entered Level 10 of the Dungeon
  8693 | D:8      | Offered knowledge of Throw Frost by Vehumet.
  8693 | D:8      | Reached XP level 10. HP: 50/50 MP: 25/30
  8929 | D:8      | Reached *** piety under Vehumet
  9500 | D:8      | Found an ancient bone altar of Kikubaaqudgha.
  9748 | D:7      | Reached skill level 1 in Fighting
 10256 | D:7      | Found a shadowy altar of Dithmenos.
 10590 | D:6      | Offered knowledge of Sticky Flame by Vehumet.
 10856 | D:8      | Lost mutation: You are occasionally teleported next to
                  | monsters. [potion of mutation]
 10856 | D:8      | Lost mutation: Armour fits poorly on your strangely shaped
                  | body. [potion of mutation]
 10856 | D:8      | Gained mutation: You have supernaturally acute eyesight.
                  | (SInv) [potion of mutation]
 10856 | D:8      | Gained mutation: Your natural rate of healing is unusually
                  | fast. [potion of mutation]
 10856 | D:8      | Gained mutation: You are agile. (Dex +2) [potion of
                  | mutation]
 11418 | D:6      | Found a transporter.
 11494 | D:6      | Found a transporter.
 11594 | D:6      | Reached **** piety under Vehumet
 11824 | D:6      | Found a staircase to the Ecumenical Temple.
 11905 | Temple   | Entered the Ecumenical Temple
 12065 | D:5      | Found a snail-covered altar of Cheibriados.
 12075 | D:5      | Got an ichor-stained rapier
 12076 | D:5      | Identified the +7 rapier of Etif {freeze, rPois rC+ MR-}
                  | (You found it on level 5 of the Dungeon)
 12732 | D:10     | Offered knowledge of Venom Bolt by Vehumet.
 12835 | D:10     | Reached skill level 5 in Fighting
 12947 | D:10     | Noticed a two-headed ogre
 12953 | D:10     | Killed a two-headed ogre
 13181 | D:10     | Reached skill level 15 in Spellcasting
 13181 | D:10     | Reached XP level 11. HP: 61/63 MP: 18/32
 13534 | D:10     | Learned a level 2 spell: Blink
 13540 | D:10     | Learned a level 5 spell: Venom Bolt
 13746 | D:11     | Reached ***** piety under Vehumet
 13784 | D:11     | Noticed a two-headed ogre
 13790 | D:11     | Offered knowledge of Freezing Cloud by Vehumet.
 13791 | D:11     | Killed a two-headed ogre
 13791 | D:11     | Reached skill level 16 in Spellcasting
 14005 | D:11     | Noticed Erica
 14027 | D:11     | Killed Erica
 14027 | D:11     | Reached skill level 10 in Conjurations
 14088 | D:11     | Found a gate leading to a gauntlet.
 14487 | D:11     | Found a staircase to the Lair.
 14498 | D:11     | Reached skill level 1 in Hexes
 14498 | D:11     | Reached skill level 1 in Poison Magic
 14949 | D:12     | Reached skill level 1 in Translocations
 14953 | D:12     | Noticed Psyche
 14964 | D:12     | Killed Psyche
 15255 | D:12     | Got a scorched shortbow
 15256 | D:12     | Identified the cursed +0 shortbow "Mynliseh" {venom, rN+
                  | MP+9 Str+3 Stlth+} (You found it on level 12 of the
                  | Dungeon)
 15352 | D:10     | Reached skill level 1 in Evocations
 15430 | D:10     | Reached skill level 5 in Poison Magic
 15520 | D:12     | Offered knowledge of Spellforged Servitor by Vehumet.
 15573 | D:12     | Noticed an eight-headed hydra
 15579 | D:12     | Killed an eight-headed hydra
 15579 | D:12     | Reached XP level 12. HP: 68/68 MP: 26/34
 15760 | D:12     | Noticed Frances
 15777 | D:12     | Killed Frances
 16647 | D:12     | Reached skill level 5 in Hexes
 16664 | D:12     | Noticed a two-headed ogre
 16669 | D:12     | Killed a two-headed ogre
 16926 | D:12     | Found a staircase to the Orcish Mines.
 16968 | Orc:1    | Entered Level 1 of the Orcish Mines
 17070 | Orc:1    | Noticed a two-headed ogre
 17194 | D:12     | HP: 3/68 [two-headed ogre/+0 giant club (23)]
 17197 | D:12     | Killed a two-headed ogre
 17367 | D:13     | Found Kiadushro's Assorted Antiques.
 17375 | D:13     | Bought a scroll of teleportation for 90 gold pieces
 17375 | D:13     | Bought 2 scrolls labeled LOCUSI GAFIDWI for 60 gold pieces
 17383 | D:13     | Got a scorched copper amulet
 17385 | D:13     | Bought a potion of brilliance for 120 gold pieces
 17385 | D:13     | Bought a crooked runed staff for 360 gold pieces
 17412 | D:13     | Reached skill level 5 in Evocations
 18073 | D:13     | Reached skill level 1 in Shields
 18153 | D:13     | Found a stormy altar of Qazlal.
 18296 | D:13     | Offered knowledge of Fireball by Vehumet.
 18445 | D:13     | Reached XP level 13. HP: 72/72 MP: 34/35
 18734 | D:13     | Found a gate to the Vaults.
 18750 | D:13     | Reached skill level 5 in Shields
 18815 | D:13     | Reached skill level 1 in Bows
 19242 | D:14     | Identified the amulet of Parim {rN+ Regen+ Int+4} (You
                  | acquired it on level 13 of the Dungeon)
 19491 | D:14     | Reached skill level 5 in Bows
 19632 | D:14     | Learned a level 5 spell: Fireball
 20105 | D:14     | Found a shattered altar of Ashenzari.
 20257 | D:14     | HP: 3/72 [eight-headed hydra (11)]
 20257 | D:14     | Mangled by an eight-headed hydra

Skill      XL: |  1  2  3  4  5  6  7  8  9 10 11 12 13 |
---------------+----------------------------------------+-----
Spellcasting   | 4 6 7 8 12 14 15 16 | 16.0
Conjurations   | 5 6 9 11 12 | 12.9
Dodging        | 7 9 |  9.2
Fighting       | 5 |  5.0
Hexes          | 2 7 |  7.1
Poison Magic   | 5 7 |  7.0
Translocations | 2 4 |  4.1
Evocations     | 1 7 |  7.3
Shields        | 3 5 |  5.0
Bows           | 5 |  5.0
Stealth        | |  2.4

Action                   |  1- 3 |  4- 6 |  7- 9 | 10-12 | 13-15 || total
-------------------------+-------+-------+-------+-------+-------++-------
Melee: Dagger            |       |     4 |    22 |    68 |       ||    94
       Rapier            |       |       |       |       |     2 ||     2
 Fire: Shortbow          |       |       |       |     5 |    25 ||    30
Throw: Javelin           |       |       |       |     4 |       ||     4
 Cast: Magic Dart        |    68 |   115 |    46 |    19 |     5 ||   253
       Searing Ray       |     2 |     6 |    18 |   107 |    10 ||   143
       Dazzling Spray    |       |     1 |    17 |    12 |       ||    30
       Iskenderun's Myst |       |     8 |    65 |   268 |    34 ||   375
       Fulminant Prism   |       |       |     2 |    13 |     1 ||    16
       Slow              |       |       |       |     1 |       ||     1
       Venom Bolt        |       |       |       |    38 |    50 ||    88
       Force Lance       |       |       |       |    34 |     5 ||    39
       Cause Fear        |       |       |       |     1 |     1 ||     2
       Fireball          |       |       |       |       |     3 ||     3
Evoke: Wand              |       |       |     9 |     3 |     6 ||    18
  Use: Scroll            |       |     7 |     4 |    11 |     5 ||    27
       Potion            |       |       |    11 |    11 |     6 ||    28
 Stab: Paralysed         |       |       |     2 |     4 |     2 ||     8
       Invisible         |       |       |     1 |       |       ||     1
  Eat: Ration            |     1 |     1 |     5 |    10 |     3 ||    20
       Chunk             |       |     3 |       |       |       ||     3
Armor: Robe              |       |     6 |    13 |    57 |    18 ||    94
       Skin              |       |       |     7 |    35 |     7 ||    49
Dodge: Dodged            |     7 |    19 |    98 |   249 |    49 ||   422
Block: Other             |       |       |       |     1 |       ||     1
       Reflection        |       |       |       |     1 |       ||     1
